 Dungeon Crawl Stone Soup version 0.29.0-4-gdea44cf6ec (webtiles) character file.

Game seed: 313779748008042498

126 nicolae the Chopper (level 4, 0/39 HPs)
             Began as a Minotaur Fighter on Aug 27, 2022.
             Slain by a gnoll
             ... wielding a +0 spear
             ... led by a gnoll bouda
              (2 damage)
             ... on level 3 of the Dungeon.
             The game lasted 00:03:09 (2428 turns).

nicolae the Chopper (Minotaur Fighter)              Turns: 2428, Time: 00:03:11

Health: 0/39       AC:  6    Str: 22    XL:     4   Next: 83%
Magic:  3/3        EV:  9    Int:  5    God:
Gold:   95         SH:  4    Dex: 10    Spells: 3/3 levels left

rFire   . . .      SeeInvis .   a - +0 war axe
rCold   . . .      Faith    .   c - +0 buckler
rNeg    . . .      Spirit   .   b - +0 scale mail
rPois   .          Reflect  .   (helmet restricted)
rElec   .          Harm     .   (no cloak)
rCorr   .          Rampage  .   (no gloves)
Will    .....                   (no boots)
Stlth   ..........              (no amulet)
HPRegen 0.13/turn               (no ring)
MPRegen 0.08/turn               (no ring)

@: mighty
A: horns 2, retaliatory headbutt
a: no special abilities


You were on level 3 of the Dungeon.
You visited 1 branch of the dungeon, and saw 3 of its levels.

You collected 95 gold pieces.

Inventory:

Hand Weapons
 a - a +0 war axe (weapon)
 i - a +1 hand axe of electrocution
Armour
 b - a +0 scale mail (worn)
 c - a +0 buckler (worn)
Scrolls
 f - a scroll of summoning
 h - a scroll of teleportation
Potions
 e - 2 potions of cancellation
 g - a potion of heal wounds {unknown}


   Skills:
 - Level 3.6 Fighting
 + Level 5.3 Axes
 - Level 3.6 Armour
 + Level 4.7 Shields


You had 3 spell levels left.
You didn't know any spells.
Your spell library contained the following spells:

 Spells                   Type           Power      Damage    Failure   Level
 Slow                     Hex            0%         N/A       87%         1
 Confusing Touch          Hex            0%         N/A       99%         3
 Gell's Gravitas          Tloc           0%         N/A       99%         3
 Teleport Other           Tloc           0%         N/A       99%         3
 Vampiric Draining        Necr           0%         2d6       99%         3
 Dispersal                Tloc           0%         N/A       100%        6


Dungeon Overview and Level Annotations

Branches:
Dungeon (3/15)

Altars:

Shops:
D:1 *   D:3 (


Innate Abilities, Weirdness & Mutations

You have a pair of horns on your head.
You reflexively headbutt those who attack you in melee.


Message History

You are too injured to fight recklessly!
You are too injured to fight recklessly!
You are too injured to fight recklessly!
You hit the gnoll bouda. You headbutt the gnoll bouda.
The gnoll bouda is severely wounded.
You hit the adder.
You kill the adder!
Your attacks no longer feel as feeble.
The gnoll bouda barely misses you. You block the gnoll's attack.
The gnoll bouda barely misses you. The gnoll closely misses you.
You closely miss the gnoll bouda.
The gnoll bouda is severely wounded.
You slash the gnoll! You block the gnoll's attack.
The gnoll hits you from afar with a +0 spear.
The gnoll bouda hits you with a +0 whip.
* * * LOW HITPOINT WARNING * * *
You block the gnoll's attack.
You closely miss the gnoll bouda.
The gnoll bouda is severely wounded.
You barely miss the gnoll. The gnoll completely misses you.
The gnoll bouda barely misses you. The gnoll barely misses you.
A ball python comes into view.
You slash the gnoll bouda!
You kill the gnoll bouda!
You slash the gnoll!
You kill the gnoll!
The gnoll completely misses you.
The gnoll hits you from afar with a +0 spear.
* * * LOW HITPOINT WARNING * * *
Your Axes skill increases to level 5!
Things that are here:
a +0 dagger; a goblin corpse The gnoll barely misses you.
The gnoll closely misses you. The gnoll attacks as you move away!
The gnoll hits you but does no damage. The gnoll attacks as you move away!
The gnoll hits you with a +0 spear.
* * * LOW HITPOINT WARNING * * *
The ball python attacks as you move away!
The ball python bites you but does no damage.
The gnoll hits you from afar with a +0 spear.
You die...

.# ##....#...... .
.. ###.......#...#
#.
#.###.....##.#..#.#
#..
#.#...#.####....<.#
##.##...#)).#
###.#..†
#......#...##
#.#.#. #......#).##
..#.^. #.gSg### ##
..###.. #.@....# ..
#... #...#.!#.##.#
##.#. ##.....#....#
###..## ....#..#
#..###...###
#.##.#..#
#.###>.### #
...##....###.....##
##.
..............### #
#..........##...#
........#.#####..#


You could see 2 gnolls and a ball python.

Vanquished Creatures
  A gnoll bouda (D:3)
  2 adders (D:3)
  2 gnolls
  3 dart slugs
  8 ball pythons
  5 bats
  5 endoplasms
  2 giant cockroaches (D:1)
  6 goblins
  2 hobgoblins (D:3)
  3 jackals (D:1)
  3 quokkas (D:2)
  A frilled lizard (D:1)
  5 kobolds
  4 rats
52 creatures vanquished.

Notes
Turn   | Place    | Note
-------+----------+-------------------------------------------
     0 | D:1      | nicolae the Minotaur Fighter began the quest for the Orb.
     0 | D:1      | Reached XP level 1. HP: 19/19 MP: 0/0
   222 | D:1      | Reached skill level 3 in Axes
   225 | D:1      | Reached XP level 2. HP: 24/26 MP: 1/1
   285 | D:1      | Found a faded altar of an unknown god.
   444 | D:1      | Reached XP level 3. HP: 25/31 MP: 2/2
   582 | D:1      | Found Rer Ubet's General Store.
   674 | D:1      | Reached skill level 4 in Axes
  2122 | D:3      | Reached XP level 4. HP: 30/39 MP: 3/3
  2314 | D:3      | Found Wutobly's Weapon Boutique.
  2350 | D:3      | Identified the +5 ring mail of the World {Int+7}
  2426 | D:3      | Reached skill level 5 in Axes
  2428 | D:3      | Slain by a gnoll

Illustrated notes

Levels and vault maps discovered:
D:1:      dpeg_arrival_radiant, layout_loops_ring,
          ebering_ecumenical_altar_ruins, serial_shops, shop,
          minmay_fountain_box, chequers_serial_rivers_room_a
D:2:      layout_basic
D:3:      layout_rooms, serial_shops, shop, uniq_jessica

Skill      XL: |  1  2  3  4 |
---------------+-------------+-----
Axes           | 3 4 5 |  5.3
Shields        | 4 |  4.7
Fighting       | |  3.6
Armour         | |  3.6

Action                   |  1- 3 |  4- 6 || total
-------------------------+-------+-------++-------
Melee: War axe           |    89 |    28 ||   117
       Headbutt          |    14 |     3 ||    17
  Use: Scroll            |     3 |       ||     3
       Potion            |       |     1 ||     1
Armor: Scale mail        |    43 |    18 ||    61
Dodge: Dodged            |    45 |    28 ||    73
Block: Buckler           |    16 |    16 ||    32
